 Dungeon Crawl Stone Soup version 0.20.1-1-g8b1a95d66d (webtiles) character file.

118 Koyanaruu the Skirmisher (level 4, -1/40 HPs)
             Began as a Demonspawn Wanderer on Jan 1, 2018.
             Slain by an orc
             ... wielding a +0 club
              (3 damage)
             ... on level 3 of the Dungeon.
             The game lasted 00:12:09 (3421 turns).

Koyanaruu the Skirmisher (Demonspawn Wanderer)      Turns: 3421, Time: 00:12:10

Health: -1/40      AC:  2    Str: 15    XL:     4   Next: 72%
Magic:  0/4        EV: 12    Int: 11    God:
Gold:   104        SH:  0    Dex: 13    Spells: 3/3 levels left

rFire    . . .     SeeInvis .   a - +2 spear
rCold    . . .     Gourm    .   (no shield)
rNeg     . . .     Faith    .   d - +0 robe
rPois    .         Spirit   +   (no helmet)
rElec    .         Reflect  .   (no cloak)
rCorr    .         Harm     .   (no gloves)
MR       .....                  (no boots)
Stlth    ++........             (no amulet)
Regen    0.2/turn               (no ring)
MPRegen  0.1/turn               (no ring)

@: no status effects
A: talons 2, magic shield
a: no special abilities


You were on level 3 of the Dungeon.
You were not hungry.

You visited 1 branch of the dungeon, and saw 3 of its levels.

You collected 104 gold pieces.

Inventory:

Hand Weapons
 a - a +2 spear (weapon)
 b - a +0 falchion
 e - a +0 dagger
 k - a +1 dagger of holy wrath
Missiles
 g - 40 sling bullets
 j - 113 stones (quivered)
 m - 13 poisoned needles
 n - 68 arrows
Armour
 d - a +0 robe (worn)
Scrolls
 l - a scroll of teleportation
 p - 3 scrolls of remove curse
 q - a scroll of random uselessness {unknown}
 r - 2 scrolls of identify
Potions
 c - a potion of curing
 s - a potion of might
Comestibles
 f - 3 bread rations
 i - 2 royal jellies
 o - 5 fruits


   Skills:
 + Level 6.1 Fighting
 + Level 0.1 Long Blades
 + Level 1.4 Polearms
 + Level 1.4 Dodging
 + Level 3.2 Stealth
   Level 1.0 Evocations


You had 3 spell levels left.
You didn't know any spells.

Dungeon Overview and Level Annotations

Branches:
Dungeon (3/15)

Altars:
Xom
Zin


Innate Abilities, Weirdness & Mutations

You have razor-sharp toenails.
When hurt, damage is shared between your health and your magic reserves.


Message History

The orc priest casts a cantrip, but nothing happens.
The orc hits you with a club.
You hit the orc priest but do no damage.
You claw the orc priest, but do no damage.
The orc priest is moderately wounded.
The orc priest calls down the wrath of Beogh upon you.
Beogh smites you!
* * * LOW HITPOINT WARNING * * *
You hear an angry hiss.
You hit the orc priest. You claw the orc priest.
The orc priest is almost dead.
The orc hits you but does no damage.
The orc priest hits you with a hand axe.
* * * LOW HITPOINT WARNING * * *
The orc wizard mumbles some strange words.
The orc wizard seems to speed up.
You hit the orc priest.
You kill the orc priest!
The orc hits you with a club.
You die...

......# .≈ .≈≈
####......# #≈≈ #≈≈
#.........#
##.###.######..........
#...#...#..##..........
...........##..........
...........##..........
...........o#........##
......S..%.)@........#
#...#..o#...#........#
...# #
##.####........#.# ...#
#S≈ ####.....#.####...#
≈.≈o
#..'.....#.........
o≈≈≈≈
#.##.....#.........
≈≈≈≈≈o
#.##.....#.........
.S...o
#.##.....+.........
#.##>...##.........


You could see an orc wizard, an adder and an orc.

Vanquished Creatures
  An orc priest (D:3)
  A gnoll (D:1)
  2 adders (D:2)
  3 worms (D:2)
  3 dart slugs
  2 leopard geckos
  8 bats
  2 giant cockroaches
  6 hobgoblins
  A quokka (D:2)
  5 goblins
  8 kobolds
  5 rats
47 creatures vanquished.

Notes
Turn   | Place    | Note
-------+----------+-------------------------------------------
     0 | D:1      | Koyanaruu the Demonspawn Wanderer began the quest for the Orb.
     0 | D:1      | Koyanaruu set off with: a +2 spear, a +0 falchion, a potion of curing, a +0 robe, a +0 dagger, a bread ration
     0 | D:1      | Reached XP level 1. HP: 21/21 MP: 1/1
   281 | D:1      | Gained mutation: You have sharp toenails. [demonic ancestry]
   281 | D:1      | Reached XP level 2. HP: 6/27 MP: 2/2
  1365 | D:2      | Gained mutation: When hurt, damage is shared between your health and your magic reserves. [demonic ancestry]
  1365 | D:2      | Reached XP level 3. HP: 18/34 MP: 3/3
  1854 | D:2      | Found a shimmering altar of Xom.
  2225 | D:2      | Reached skill level 1 in Polearms
  2236 | D:2      | Reached skill level 6 in Fighting
  2460 | D:2      | Found a glowing silver altar of Zin.
  2545 | D:2      | Gained mutation: You have razor-sharp toenails. [demonic ancestry]
  2545 | D:2      | Reached XP level 4. HP: 40/40 MP: 4/4
  3420 | D:3      | HP: 2/40 [orc priest/hand axe (6)]
  3421 | D:3      | Slain by an orc

Skill      XL: |  1  2  3  4 |
---------------+-------------+-----
Polearms       | 1 |  1.4
Fighting       | 6 |  6.1
Stealth        | 3 |  3.2
Long Blades    | |  0.1
Dodging        | |  1.4
Evocations     | |  1.0

Action                   |  1- 3 |  4- 6 || total
-------------------------+-------+-------++-------
Melee: Spear             |    84 |    42 ||   126
       Falchion          |     5 |       ||     5
       Kick              |    20 |    16 ||    36
  Use: Scroll            |     3 |       ||     3
       Potion            |     3 |     2 ||     5
 Stab: Distracted        |     1 |       ||     1
       Sleeping          |       |     5 ||     5
  Eat: Chunk             |     2 |     1 ||     3
       Meat ration       |     1 |       ||     1
Armor: Robe              |    15 |    13 ||    28
Dodge: Dodged            |    66 |    32 ||    98
       Rpst.: Falchion   |     1 |       ||     1
